[Event "50+ Deutsche Senioren-Mannschaftsmeisterschaft der Landesverbände 2022"]
[Site "Magdeburg, Germany"]
[Date "2022.08.29"]
[Round "1.1"]
[White "Ploetz, Werner, Dr."]
[Black "Blodig, Reinhard"]
[Result "1-0"]
[TimeControl "90min/40 + 30min + 30s/Zug"]
[WhiteElo "2250"]
[BlackElo "2014"]

1. e4 d6 2. d4 g6 3. Nc3 Bg7 4. f4 Nf6 5. Nf3 c5 6. dxc5 Qa5 7. Bd3 Qxc5 8. Qe2 Bg4 9. Be3 Qa5 10. O-O Nc6 11.
h3 Bxf3 12. Qxf3 Nd7 13. Bd2 O-O 14. Rab1 a6 15. Kh1 e6 16. Rfd1 Qc7 17. Ne2 b5 18. a3 Rac8 19. Bc3 Bxc3 20. Nxc3 b4 21. axb4 Nxb4 22. Rd2 Nc5 23. Bf1 Qc6 24. Rbd1 Rfd8 25. Qe3 d5 26. exd5 exd5 27. f5 d4 28. Rxd4 Rxd4 29. Qxd4 Nxc2 30. Qf4 a5 31. Rd6 Qe8 32. fxg6 hxg6 33. Bc4 Kg7 34. Rd2 Qe1+ 35. Kh2 Ne3 36. Qxf7+ Kh6 37. Qf4+ Kg7 38. Re2 Nf1+ 39. Kg1 Qg3 40. Re7+ 1-0

[Event "50+ Deutsche Senioren-Mannschaftsmeisterschaft der Landesverbände 2022"]
[Site "Magdeburg, Germany"]
[Date "2022.08.29"]
[Round "1.2"]
[White "Schmitt, Guenter"]
[Black "Schnelzer, Reinhold, Dr."]
[Result "0-1"]
[TimeControl "90min/40 + 30min + 30s/Zug"]
[WhiteElo "2029"]
[BlackElo "2143"]

1. d4 d5 2. Bf4 Nf6 3. e3 c5 4. c3 Nc6 5. Bd3 Qb6 6. Qb3 c4 7. Qxb6 axb6 8. Bc2 b5 9. b3 b4 10. f3 e6 11. Ne2 Be7 12. g4 Bd7 13. Kf2 bxc3 14. bxc4 Nb4 15. Bb3 dxc4 16. Nbxc3 cxb3 17. axb3 O-O 18. e4 Nd3+ 19. Ke3 Nxf4 20. Nxf4 Rfc8 21. Kd3 Bb4 22. Rxa8 Rxa8 23. e5 Bxc3 24. exf6 Bb4 25. fxg7 Kxg7 26. g5 Kf8 27. Kc4 Be7 28. h4 Bc6 29. Rh3 Rc8 30. Kd3 Bd6 31. Nh5 Ke7 32. f4 Bd5 33. f5 Bxb3 34. fxe6 Kxe6 35. Re3+ Kf5 36. Nf6 Bc4+ 37. Kc3 h6 38. Re8 Rc7 39. gxh6 Bb5+ 40. Kb2 Bxe8 41. h7 Kxf6 42. h8=Q+ Ke7 43. h5 Bd7 44. h6 Bf5 45. h7 Rc2+ 46. Kb3 Rh2 47. Qg7 Bxh7 48. Qg5+ Ke6 49. d5+ Kd7 50. Qg4+ Kd8 51. Qg5+ Kc7 52. Qf6 Bc2+ 53. Kc4 Bg6 54. Kb3 Rc2 55. Qd4 Rc5 56. Kb2 Bf5 57. Kb3 Rxd5 0-1

[Event "50+ Deutsche Senioren-Mannschaftsmeisterschaft der Landesverbände 2022"]
[Site "Magdeburg, Germany"]
[Date "2022.08.29"]
[Round "1.3"]
[White "Kraemer, Max"]
[Black "Neubauer, Jaroslaus"]
[Result "1-0"]
[TimeControl "90min/40 + 30min + 30s/Zug"]
[WhiteElo "2059"]
[BlackElo "2034"]

1. d4 Nf6 2. c4 g6 3. Nc3 Bg7 4. e4 d6 5. Nf3 O-O 6. Be2 Nbd7 7. O-O e5 8. Be3 c6 9.
dxe5 dxe5 10. Qc1 Qc7 11. Rd1 Re8 12. b4 Nf8 13. Bc5 Bg4 14. Bd6 Qc8 15. h3 Bxf3 16. Bxf3 h6 17. b5 g5 18. Ne2 Ng6 19. Ng3 Nh4 20. Qe3 g4 21. hxg4 Nxg4 22. Qe2 Nf6 23. Nh5 Nxf3+ 24. Qxf3 Nxh5 25. Qxh5 Qe6 26. bxc6 bxc6 27. c5 Qg6 28. Qxg6 fxg6 29. Rab1 Rad8 30. Rb7 Bf8 31. Rxa7 Re6 32. Rc7 Bxd6 33. cxd6 Rexd6 34. Rxd6 Rxd6 35. f3 Rd1+ 36. Kh2 Rc1 37. a4 Rc5 38. Kg3 Kh8 39. Kg4 Kg8 40. g3 Kh8 41. Ra7 Kg8 42. a5 Rc1 43. Re7 Kf8 44. Rxe5 Kf7 45. f4 Rc3 46. f5 gxf5+ 47. Rxf5+ Ke6 48. Rh5 Kd7 49. Rxh6 Ra3 50. Rh5 Kd6 51. Kf4 c5 52. Rh6+ Kc7 53. a6 c4 54. g4 c3 55. Ke3 c2+ 56. Kd2 Rc3 57. Kc1 Re3 58. Rh7+ Kb8 59. Rb7+ Ka8 60. Rb4 Rg3 61. e5 Re3 62. Kxc2 Rxe5 63. Kd3 Ka7 64. Ra4 Re1 65. Kd4 Re2 66. Kd5 Re1 67. Kd6 Re2 68. g5 Rg2 69. Ra5 Re2 70. Re5 Rg2 71. Ke6 Kxa6 72. Kf6 Kb7 73. g6 Kc8 74. g7 Kd8 75. Rg5 1-0

[Event "50+ Deutsche Senioren-Mannschaftsmeisterschaft der Landesverbände 2022"]
[Site "Magdeburg, Germany"]
[Date "2022.08.29"]
[Round "1.4"]
[White "Fiedler, Wolfgang"]
[Black "Greul, Hans"]
[Result "0-1"]
[TimeControl "90min/40 + 30min + 30s/Zug"]
[WhiteElo "1995"]
[BlackElo "2016"]

1. f4 d5 2. Nf3 Nf6 3. d4 e6 4. e3 Be7 5. Bd3 c5 6. c3 O-O 7.
O-O b6 8. Ne5 Qc7 9. Nd2 Ba6 10. Bxa6 Nxa6 11. Qa4 Qb7 12. Qc6 Qxc6 13. Nxc6 Bd6 14. h3 b5 15. a3 Nc7 16. Ne5 a5 17. g4 cxd4 18. cxd4 Rfc8 19. Ndf3 Ne4 20. Bd2 Ne8 21. Rfc1 a4 22. Nd3 Rc4 23. Bb4 Rac8 24. Nd2 Rxc1+ 25. Rxc1 Rxc1+ 26. Nxc1 Bxb4 27. Nxe4 Bxa3 28. bxa3 dxe4 29. Na2 Nd6 30. Nc3 Kf8 31. Kf2 Ke7 32. Ke2 Ke8 0-1

[Event "50+ Deutsche Senioren-Mannschaftsmeisterschaft der Landesverbände 2022"]
[Site "Magdeburg, Germany"]
[Date "2022.08.29"]
[Round "1.5"]
[White "Raupp, Thomas"]
[Black "Weitz, Andreas"]
[Result "0-1"]
[TimeControl "90min/40 + 30min + 30s/Zug"]
[WhiteElo "2282"]
[BlackElo "1939"]

1. d4 d5 2. c4 c6 3. Nc3 e6 4. e3 f5 5. Nf3 Nf6 6. Bd3 Bd6 7. O-O O-O 8. b3 Ne4 9. Bb2 b6 10. Ne2 Nd7 11. Ne5 Bxe5 12. dxe5 Re8 13. cxd5 cxd5 14. b4 a5 15. f3 Ng5 16. Bxf5 axb4 17. Bc2 Nc5 18. Bd4 Ba6 19. Re1 Bc4 20. Qb1 h6 21. Nf4 Ra5 22. Bg6 Rf8 23. Qxb4 Nxf3+ 24. gxf3 Qg5+ 25. Kh1 Rb5 26. Qd2 Rxf4 27. Rg1 Rxd4 28. Qxd4 Qe7 29. Rab1 Rxb1 30. Bxb1 Qf7 31. Rg3 Be2 32. Kg2 Nd7 33. Kf2 Bc4 34. Ke1 Qe8 0-1

[Event "50+ Deutsche Senioren-Mannschaftsmeisterschaft der Landesverbände 2022"]
[Site "Magdeburg, Germany"]
[Date "2022.08.29"]
[Round "1.6"]
[White "Domsgen, Bernd"]
[Black "Schneider, Bernd"]
[Result "0-1"]
[TimeControl "90min/40 + 30min + 30s/Zug"]
[WhiteElo "1930"]
[BlackElo "2166"]

1. e4 c5 2. Nf3 e6 3. d4 cxd4 4. Nxd4 a6 5. Nc3 Qc7 6. Be3 Nf6 7. Bd3 Bc5 8. h3 d6 9. O-O e5 10. Nf5 Bxf5 11. exf5 Bxe3 12. fxe3 Qb6 13. Qf3 Nbd7 14. Kh1 Nc5 15. Nd5 Nxd5 16. Qxd5 Qc6 17. Bc4 Qxd5 18. Bxd5 a5 19. a3 Ra7 20. b4 Nd7 21. bxa5 Ke7 22. Rfb1 Rxa5 23. Bxb7 Nc5 24. Bd5 Rc8 25. Rb6 Rc7 26. Rc6 Rca7
27. e4 Ra4 28. c4 h5 29. g4 Nb3 30. Ra2 hxg4 31. hxg4 Nd4 32. Rc8 Nf3 33. Kg2 Ng5 34. Rb8 Rxa3 35. Rxa3 Rxa3 36. Rb7+ Ke8 37. Rb8+ Kd7 38. Rg8 Ke7 39. Ra8 Rxa8 40. Bxa8 Kf6 41. Kg3 Nh7 42.
Bc6 Kg5 43. Bd5 Nf6 44. Kf3 Nxg4 45. Bxf7 Kh4 46. Be6 Nf6 47. Bc8 Nh7 48. Bb7 Ng5+ 49. Ke3 Kg3 50. Bd5 Nf3 51. Bc6 Nh4 52. Bb7 Ng2+ 53. Ke2 Kf4 54. Bc6 Ne3 55. Kd3 Ng4 56. Ke2 Ne3 57. Kd3 Kf3 58. Bb7 Ng4 59. Bc6 Nf2+ 60. Kd2 Kf4 61. f6 gxf6 0-1

[Event "50+ Deutsche Senioren-Mannschaftsmeisterschaft der Landesverbände 2022"]
[Site "Magdeburg, Germany"]
[Date "2022.08.29"]
[Round "1.7"]
[White "Mueller, Michael"]
[Black "Hoffmann, Uwe"]
[Result "1-0"]
[TimeControl "90min/40 + 30min + 30s/Zug"]
[WhiteElo "2151"]
[BlackElo "2077"]

1. d4 Nf6 2. Nf3 d5 3. Bf4 Bf5 4. e3 e6 5. Bd3 Bxd3 6. Qxd3 Bd6 7. Bg3 O-O 8. Nbd2 c5 9. c3 Nc6 10. O-O Bxg3 11. hxg3 Qd6 12. Rad1 Rad8 13. Qb5 cxd4 14. exd4 Qc7 15. Rfe1 a6 16. Qd3 Rfe8 17. Re2 Nd7 18. Ng5 Nf8 19. Rde1 Qe7 20. f4 h6 21. Ngf3 Qd6 22. Nb3 Re7 23. Ne5 Nxe5 24. Rxe5 Rc7 25. R5e3 Ra8 26. Qf1 a5 27. Nc1 Nh7 28. Nd3 Nf6 29. Nf2 Qa6 30. R1e2 b5 31. g4 b4 32. g5 hxg5 33. fxg5 Ne4 34. Nxe4 dxe4 35. Qf4 Rac8 36. Rf2 bxc3 37. bxc3 Qb7 38. g6 fxg6 39. Qg4 Qd5 40. Qxg6 e5 41. Rh3 Rf7 42. Qh7+ Kf8 43. Qh8+ Ke7 44. Rxf7+ Qxf7 45. Qxc8 Qxa2 46. Qc7+ Ke8 1-0

[Event "50+ Deutsche Senioren-Mannschaftsmeisterschaft der Landesverbände 2022"]
[Site "Magdeburg, Germany"]
[Date "2022.08.29"]
[Round "1.8"]
[White "Poetke, Dan-Peter"]
[Black "Mueller, Erich"]
[Result "1/2-1/2"]
[TimeControl "90min/40 + 30min + 30s/Zug"]
[WhiteElo "1989"]
[BlackElo "2098"]

1. Nf3 Nf6 2. g3 g6 3. Bg2 Bg7 4. O-O d6 5. d4 Nbd7 6. c4 e5 7. Nc3 O-O 8. Rb1 Re8 9. Qc2 c6 10. e4 Nf8 11. Rd1 Qe7 12. d5 c5 13. a3 N8d7 14. b4 a5 15. Nb5 Rf8 16. Nc7 Ra7 17. Nb5 Ra6 18. Nc7 Ra7 19. Nb5 Ra6 20. Nc7 1/2-1/2